 Dungeon Crawl Stone Soup version 0.20-a0-1122-gb7cbeb9 (webtiles) character file.

1154 anfisbena the Cleaver (level 8, 0/77 HPs)
             Began as a Hill Orc Berserker on May 14, 2017.
             Was a Priest of Trog.
             Succumbed to a worker ant's poison
             ... on level 4 of the Dungeon.
             The game lasted 00:05:40 (5318 turns).

anfisbena the Cleaver (Hill Orc Berserker)          Turns: 5318, Time: 00:05:41

Health: 0/77       AC:  8    Str: 17 (20) XL:     8   Next: 38%
Magic:  8/8        EV: 10    Int:  6 (7)  God:    Trog [***...]
Gold:   207        SH:  0    Dex: 11 (12) Spells: 7/7 levels left

rFire    . . .     SeeInvis .   a - +0 hand axe
rCold    . . .     Gourm    .   (no shield)
rNeg     . . .     Faith    .   o - +0 scale mail
rPois    .         Spirit   .   w - +0 helmet
rElec    .         Reflect  .   (no cloak)
rCorr    .         Harm     .   (no gloves)
MR       .....                  t - +0 pair of boots
Stlth    ..........             (no amulet)
Regen    0.3/turn               (no ring)
MPRegen  0.2/turn               (no ring)

@: lethally poisoned (0 -> -5), hasted, very quick
A: no striking features
a: Berserk, Trog's Hand, Burn Spellbooks, Renounce Religion


You were on level 4 of the Dungeon.
You worshipped Trog.
Trog was most pleased with you.
You were near starving.

You visited 1 branch of the dungeon, and saw 5 of its levels.

You collected 207 gold pieces.

Inventory:

Hand Weapons
 a - a +0 hand axe (weapon)
Armour
 o - a +0 scale mail (worn)
 t - a +0 pair of boots (worn)
 w - a +0 helmet (worn)
Scrolls
 f - a scroll of noise {unknown}
 g - 4 scrolls of amnesia {unknown}
 h - a scroll of remove curse
 i - 2 scrolls of teleportation {unknown}
 k - 4 scrolls of enchant weapon {unknown}
 l - a scroll of identify {unknown}
 p - a scroll of fog {unknown}
 r - 2 scrolls of magic mapping {unknown}
Potions
 b - a potion of haste
 d - a potion of berserk rage
 e - a potion of flight {unknown}
 j - a potion of lignification {unknown}
 s - a potion of degeneration
 u - a potion of brilliance {unknown}
 v - a potion of mutation {unknown}
Comestibles
 c - 4 bread rations
 q - 4 fruits


   Skills:
 + Level 8.9 Fighting
 + Level 9.9 Axes
 - Level 2.1 Armour
 - Level 1.5 Dodging


You had 7 spell levels left.
You didn't know any spells.

Dungeon Overview and Level Annotations

Branches:
Dungeon (5/15)             Temple (0/1) D:4

Altars:
Ru
Yredelemnul


Message History

You feel sick.
The worker ant bites you but does no damage.
You feel sick. The worker ant bites you.
* * * LOW HITPOINT WARNING * * *
You feel sick.
You feel sick. The worker ant bites you.
* * * LOW HITPOINT WARNING * * *
You are lethally poisoned!
The worker ant poisons you!
* * * LOW HITPOINT WARNING * * *
You feel sick.
You feel yourself speed up.
* * * LOW HITPOINT WARNING * * *
You feel sick.
It was a potion of degeneration.
There was something very wrong with that liquid.
You feel weakened.
You feel dopey.
You feel clumsy.
You die...

# #.......# #.# # #....(..# #.#
###.##.##.# ###.## .......##.#
##....# ###.#####.# #...#.#
#.......#.####....# #####
...........###.#######...###
#.##.#..#...##.#####.......# ##
.....#..#......a@..........# #.
#.####..#...##..#.##.......#####.
#.###...######..#.##.#...........
#.......# #........#####.#####.
#####...# #...#.##....(..# #. .#
#...# #...#.##.###########. .#
#...#####........########.... <#
#...##......#.##.##.......###
.####...##.##.#.#.............###


You could see a worker ant.

Vanquished Creatures
  Pikel (D:5)
  Sigmund (D:4)
  4 slaves (D:5)
  A bullfrog (D:3)
  A scorpion (D:3)
  An orc priest (D:4)
  2 bullfrog skeletons (D:4)
  An iguana (D:4)
  2 orc wizards
  A worker ant (D:4)
  A hound skeleton (D:5)
  4 gnolls
  4 adders
  2 oozes
  A worm (D:3)
  5 dart slugs
  3 leopard geckos
  24 orcs
  A ball python (D:4)
  8 bats
  5 giant cockroaches
  9 goblins
  10 hobgoblins
  6 jackals
  3 quokkas
  5 frilled lizards
  7 kobolds
  8 rats
121 creatures vanquished.

Notes
Turn   | Place    | Note
-------+----------+-------------------------------------------
     0 | D:1      | anfisbena the Hill Orc Berserker began the quest for the Orb.
     0 | D:1      | Reached XP level 1. HP: 19/19 MP: 1/1
   285 | D:1      | Reached XP level 2. HP: 27/27 MP: 2/2
   807 | D:1      | Reached XP level 3. HP: 31/33 MP: 3/3
   845 | D:1      | Reached skill level 5 in Axes
  1527 | D:2      | Reached ** piety under Trog
  1605 | D:2      | Reached XP level 4. HP: 32/41 MP: 4/4
  2606 | D:3      | Found a sacrificial altar of Ru.
  2765 | D:3      | Reached skill level 6 in Axes
  2772 | D:3      | Reached skill level 5 in Fighting
  2772 | D:3      | Reached XP level 5. HP: 21/48 MP: 5/5
  3495 | D:3      | Reached skill level 7 in Axes
  3495 | D:3      | Reached XP level 6. HP: 52/57 MP: 6/6
  3767 | D:3      | Found a basalt altar of Yredelemnul.
  4257 | D:4      | Reached *** piety under Trog
  4448 | D:4      | Noticed Sigmund
  4455 | D:4      | Killed Sigmund
  4455 | D:4      | Reached skill level 8 in Axes
  4455 | D:4      | Reached XP level 7. HP: 66/66 MP: 7/7
  4525 | D:4      | Found a staircase to the Ecumenical Temple.
  5262 | D:5      | Entered Level 5 of the Dungeon
  5266 | D:5      | Noticed Pikel
  5295 | D:5      | HP: 2/100 [Pikel/whip of electrocution (18)]
  5296 | D:5      | Killed Pikel
  5296 | D:5      | Reached skill level 9 in Axes
  5296 | D:5      | Reached XP level 8. HP: 3/77 MP: 8/8
  5315 | D:4      | HP: 3/77 [worker ant (6)]
  5317 | D:4      | HP: 1/77 [poisoned by a worker ant]
  5318 | D:4      | Succumbed to a worker ant's poison

Vault maps used:
D:1:      minmay_arrival_split_and_join
D:3:      yredelemnul_altar_generic, first_bread, nicolae_ru_awakened_eye
D:4:      minmay_temple_entry_purple_smoke, minmay_goblin_outpost, uniq_sigmund
D:5:      nicolae_overflow_crystal_walls, tso_oasis_becter,
          okawaru_ov_weapons_minmay, serial_shops, kennysheep_mini_moat,
          uniq_pikel

Skill      XL: |  1  2  3  4  5  6  7 |
---------------+----------------------+-----
Fighting       | 4 5 7 8 |  8.9
Axes           | 5 6 7 8 9 |  9.9
Armour         | |  2.1
Dodging        | |  1.5

Action                   |  1- 3 |  4- 6 |  7- 9 || total
-------------------------+-------+-------+-------++-------
Melee: Hand axe          |   128 |   180 |    92 ||   400
Invok: Berserk           |     1 |     9 |     1 ||    11
  Use: Scroll            |     1 |       |     1 ||     2
       Potion            |       |       |     6 ||     6
  Eat: Chunk             |     3 |    15 |     3 ||    21
       Royal jelly       |       |     1 |       ||     1
Armor: Animal skin       |    30 |    23 |       ||    53
       Scale mail        |       |    11 |    63 ||    74
Dodge: Dodged            |    88 |   119 |    55 ||   262
